 Dungeon Crawl Stone Soup version 0.20-a0-386-g2d247ea (webtiles) character file.

44 Kurtz the Cudgeler (level 3, 0/34 HPs)
             Began as a Naga Monk on Dec 30, 2016.
             Succumbed to an adder's poison
             ... on level 2 of the Dungeon.
             The game lasted 00:01:25 (1278 turns).

Kurtz the Cudgeler (Naga Monk)                      Turns: 1278, Time: 00:01:25

Health: 0/34       AC:  2    Str: 12 (13) XL:     3   Next: 62%
Magic:  3/3        EV: 16    Int:  8 (10) God:
Gold:   40         SH:  0    Dex: 16 (19) Spells: 2/2 levels left

rFire  . . .     SeeInvis +     a - +0 mace
rCold  . . .     Gourm    .     b - +0 robe
rNeg   . . .     Faith    .     (no shield)
rPois  +         Spirit   .     (no helmet)
rElec  .         Reflect  .     (no cloak)
rCorr  .         Harm     .     (no gloves)
MR     .....                    (no barding)
Stlth  +++.......               (no amulet)
                                (no ring)
                                (no ring)

@: agile, lethally poisoned (0 -> -3), very slow
A: see invisible, deformed body, poison resistance, slowness 2, slow metabolism
1, spit poison 1, AC +1
a: Spit Poison


You were on level 2 of the Dungeon.
You were not hungry.

You visited 1 branch of the dungeon, and saw 2 of its levels.

You collected 40 gold pieces.

Inventory:

Hand Weapons
 a - a +0 mace (weapon)
Missiles
 g - 2 javelins (quivered)
Armour
 b - a +0 robe (worn)
Scrolls
 e - 2 scrolls of remove curse {unknown}
 f - a scroll of enchant armour {unknown}
 h - 2 scrolls of identify {unknown}
 i - a scroll of blinking {unknown}
 j - a scroll of enchant weapon {unknown}
Potions
 d - a potion of degeneration
Comestibles
 c - a bread ration


   Skills:
 + Level 3.4 Fighting
 * Level 4.2 Maces & Flails
 - Level 2.4 Dodging
 - Level 3.0 Stealth


You had 2 spell levels left.
You didn't know any spells.

Dungeon Overview and Level Annotations

Branches:
Dungeon (2/15)

Altars:
Gozag
Nemelex Xobeh


Innate Abilities, Weirdness & Mutations

You cannot wear boots.
Your serpentine skin is tough. (AC +1)
You have supernaturally acute eyesight. (SInv)
Armour fits poorly on your strangely shaped body.
Your system is resistant to poisons. (rPois)
You cover ground very slowly.
You have a slow metabolism.
You can spit poison.


Message History

You feel agile all of a sudden. The adder bites you but does no damage.
Unknown command.
Unknown command.
You have got your breath back.
* * * LOW HITPOINT WARNING * * *
You feel sick. The adder bites you.
* * * LOW HITPOINT WARNING * * *
The rat completely misses you. The adder misses you. The rat misses you.
Unknown command.
* * * LOW HITPOINT WARNING * * *
You feel sick. The adder closely misses you. The adder closely misses you.
Unknown command.
Okay, then.
Unknown command.
Okay, then.
Why would you want to do that?
You die...

#..####..#.....####.....###..
#.....≈⌠≈...#.........####.#
##......≈.....§...........#.#
##.............§####.......#.#
#..≈..........≈..#.##......#.#
..≈≈.........§§§..#...........
..............................
..........rr(......##.....#...
.......####S.@...†.##....##.#.
......# ##.......##.........
≈..... #.....(§##.######..
..... #.....§⌠%..........
..... #......§#.......#.. ....
#.........#>####.#.. ....
...........#.# # #..
...........# . ...
....§§§§.#.# ## ....


You could see an adder and 2 rats.

Vanquished Creatures
  An adder (D:2)
  2 dart slugs
  3 giant cockroaches
  4 goblins
  3 hobgoblins
  6 bats
  A frilled lizard (D:2)
  6 kobolds
  4 rats
30 creatures vanquished.

Notes
Turn   | Place    | Note
-------+----------+-------------------------------------------
     0 | D:1      | Kurtz the Naga Monk began the quest for the Orb.
     0 | D:1      | Reached XP level 1. HP: 21/21 MP: 1/1
   329 | D:1      | Reached XP level 2. HP: 28/28 MP: 2/2
   679 | D:2      | Found an opulent altar of Gozag.
   858 | D:2      | Found a sparkling altar of Nemelex Xobeh.
   945 | D:2      | Reached XP level 3. HP: 34/34 MP: 3/3
  1055 | D:2      | Reached skill level 4 in Maces & Flails
  1274 | D:2      | HP: 1/34 [adder (1)]
  1278 | D:2      | Succumbed to an adder's poison

Vault maps used:
D:1:      sevenhm_arrival_forest_fort_small_3, hex_intersection
D:2:      lemuel_doored_altar, lemuel_round_altar, kennysheep_decorative_pillar,
          uniq_natasha

Skill      XL: |  1  2  3 |
---------------+----------+-----
Maces & Flails | 4 |  4.2
Fighting       | |  3.4
Dodging        | |  2.4
Stealth        | |  3.0

Action                   || total
-------------------------++-------
Melee: Mace              ||    91
 Abil: Spit Poison       ||     3
  Use: Potion            ||     2
 Stab: Sleeping          ||     4
  Eat: Chunk             ||     1
Armor: Robe              ||    37
Dodge: Dodged            ||    85
